Map: Proxima Station LE

Players

MuT

  • Race: Zerg Zerg
  • Spawn Location: 7:00

Billy - Winner!

  • Race: Terran Terran
  • League: Diamond
  • Spawn Location: 1:00

VOD

Have the link to the VOD?

Description

Time

  • Played on: June 19, 2017, 1:02 p.m.
  • Length: 7:50
Show
View Real Time Build Order
Export as new Build Order

MuT Zerg 

Build Orders: Hatch First 

Get SALT Encoding   

  12  0:10  Overlord  
  12  0:15  Drone  
  13  0:21  Drone  
  14  0:29  Drone  
  14  0:33  Drone  
  16  0:43  Drone  
  17  0:57  Drone, Hatchery  
  17  1:04  Drone  
  17  1:09  Extractor  
  17  1:20  Drone  
  17  1:21  Spawning Pool  
  17  1:26  Drone  
  18  1:37  Drone  
  19  1:47  Overlord  
  19  2:10  Zergling x4  
  19  2:11  Queen x2  
  25  2:15  Metabolic Boost  
  25  2:17  Drone  
  25  2:20  Drone  
  25  2:21  Drone  
  28  2:28  Spore Crawler  
  25  2:45  Drone x2  
  25  2:46  Drone x2  
  30  2:53  Overlord  
  30  2:58  Queen  
  32  2:59  Overlord  
  32  3:05  Drone  
  32  3:06  Drone  
  34  3:28  Roach Warren  
  34  3:31  Drone x3  
  36  3:35  Drone  
  36  3:39  Queen  
  39  3:41  Overlord  
  39  3:42  Hatchery  
  39  3:47  Drone x2  
  40  4:01  Drone x5  
  45  4:06  Extractor, Drone x3  
  45  4:07  Drone  
  45  4:09  Drone  
  49  4:15  Spine Crawler  
  48  4:19  Drone  
  48  4:21  Drone  
  48  4:22  Extractor  
  49  4:25  Drone  
  49  4:26  Evolution Chamber  
  49  4:32  Drone, Evolution Chamber  
  49  4:33  Drone  
  49  4:34  Evolution Chamber  
  49  4:37  Roach  
  51  4:45  Roach x3  
  44  5:01  Roach x3  
  44  5:04  Drone  
  46  5:09  Drone x2  
  47  5:19  Drone x3  
  47  5:20  Drone  
  51  5:29  Drone x2  
  53  5:37  Drone x2  
  53  5:38  Drone x2  
  53  5:40  Drone x2  
  59  5:48  Drone  
  60  6:00  Drone x5  
  60  6:01  Overlord  
  65  6:16  Overlord x2  
  65  6:21  Spine Crawler  
  62  6:32  Zergling x4  
  57  6:33  Zergling x2  
  57  6:37  Zergling x8  
  57  6:38  Zergling x12  
  57  6:39  Zergling x4  
  70  6:46  Overlord  
  70  6:47  Overlord  
  70  6:52  Overlord  
  57  7:04  Zergling x2  
  57  7:05  Zergling x6  
  48  7:15  Zergling x14  
Show
View Real Time Build Order
Export as new Build Order

Billy Terran - Winner!

Build Orders: Hellion Opening, Reaper Expand 

Get SALT Encoding   

  12  0:01  SCV  
  13  0:13  SCV  
  14  0:18  Supply Depot  
  14  0:25  SCV  
  15  0:39  SCV  
  15  0:40  Barracks  
  16  0:44  Refinery  
  16  0:51  SCV  
  17  1:03  SCV  
  18  1:16  SCV  
  19  1:27  Reaper  
  19  1:28  Orbital Command  
  20  1:43  Command Center  
  20  1:48  Refinery  
  21  1:54  SCV  
  21  2:04  Factory  
  21  2:06  SCV  
  22  2:17  Barracks Reactor  
  22  2:20  Supply Depot  
  22  2:21  SCV  
  22  2:49  Factory  
  22  2:50  SCV  
  23  2:56  Armory  
  23  2:59  Orbital Command  
  23  3:02  SCV  
  23  3:03  Hellion  
  23  3:04  Barracks Reactor  
  26  3:12  Hellion  
  28  3:15  SCV  
  29  3:25  Hellion  
  31  3:29  SCV x2  
  31  3:33  Hellion  
  35  3:42  Refinery  
  35  3:43  Refinery  
  35  3:44  Terran Vehicle Weapons Level 1  
  35  3:53  Hellion x2  
  39  3:56  SCV x2  
  39  4:00  Supply Depot  
  41  4:03  Supply Depot  
  41  4:21  Cyclone  
  41  4:22  Cyclone  
  47  4:27  Cyclone  
  50  4:35  Cyclone  
  53  4:44  SCV x2  
  53  5:04  Cyclone x3  
  54  5:16  Cyclone  
  54  5:18  SCV x2  
  57  5:27  Factory  
  57  5:29  Supply Depot  
  57  5:30  Barracks Reactor, SCV  
  57  5:31  Supply Depot, SCV  
  59  5:43  Cyclone  
  62  5:51  Cyclone x2  
  68  5:57  Cyclone  
  71  6:26  Cyclone x2  
  77  6:57  Cyclone  
  77  7:00  Cyclone  
  77  7:02  Cyclone  
  71  7:14  Cyclone  
Tags
 
Add a new tag
Caveats
  • Supply blocks, unpowered buildings, or Contaminate may cause inaccurate times.
  • Supply counts are checked every 10 seconds.